AoeStats
← _WizarD_

MegaRandom

509530526Analyzed
4v4 RM · 5d ago on Sep 27, 2026· 46m 21s· 8 players
Game mode
Random Map
Map size
Large (8 player)
Population
200
Speed
Normal
Resources
Standard
Victory
Conquest
Starting age
Dark Age
Ending age
Imperial Age
RankedLock teamsTeams togetherTeam positionsShared explorationLock speedFull tech treeHidden civsTurbo modeCheats
Victory
Defeat
🇺🇸 Ethiopians · United States
1436
+13
🇲🇽 Gurjaras · Mexico
1417
+14
🇺🇸 Mongols · United States
1405
+14
🇲🇽 Britons · Mexico
1400
+14
🇦🇷 Maya · Argentina
1516
-19
🇲🇽 Vietnamese · Mexico
1347
-13
🇨🇱 Lithuanians · Chile
1310
-12
🇦🇷 Persians · Argentina
1285
-11
Ziton127
0:44 Loom
11:50 Feudal Age
16:09 Castle Age
14:43 Double-Bit Axe
20:42 Horse Collar
25:39 Heavy Plow
25:58 Bloodlines
34:37 Gold Mining
38:15 Imperial Age
36:45 Bow Saw
38:29 Fletching
39:34 Bodkin Arrow
41:00 Chemistry
40:18 Kshatriyas
40:34 Conscription
40:33 Thumb Ring
42:27 Bracer
44:38 Padded Archer Armor
44:44 Scale Barding Armor
44:50 Forging
44:04 Light Cavalry
44:44 Husbandry
44:59 Hussar
machpatel
0:36 Loom
11:08 Feudal Age
17:10 Castle Age
17:04 Fishing Lines
18:16 Medium Warships
17:56 Gillnets
18:01 Double-Bit Axe
20:38 Bow Saw
28:05 Scale Mail Armor
29:55 Wheelbarrow
31:31 Forging
36:54 Imperial Age
35:58 Chain Mail Armor
36:06 Horse Collar
37:44 Iron Casting
40:13 Hand Cart
41:40 Plate Mail Armor
43:45 Capped Ram
44:05 Halberdier
44:53 Squires
46:33 Blast Furnace
45:41 Heavy Plow
MEX_Angel_Tj
6:47 Loom
9:41 Feudal Age
10:38 Double-Bit Axe
17:53 Fletching
18:43 Padded Archer Armor
22:18 Wheelbarrow
25:07 Castle Age
26:07 Medium Warships
30:02 Murder Holes
32:56 Crossbowman
37:15 Imperial Age
37:12 Hand Cart
37:29 Capped Ram
40:30 Town Watch
42:09 Gold Mining
43:04 Horse Collar
44:05 Leather Archer Armor
45:26 Bodkin Arrow
47:00 Bracer
_WizarD_
10:27 Loom
12:13 Feudal Age
15:17 Fletching
15:28 Padded Archer Armor
17:14 Wheelbarrow
17:38 Stone Mining
17:45 Gold Mining
19:50 Double-Bit Axe
23:21 Castle Age
24:18 Bodkin Arrow
24:38 Leather Archer Armor
25:42 Bow Saw
30:30 Horse Collar
32:24 Ballistics
36:21 Imperial Age
34:37 Gold Shaft Mining
35:14 Heavy Plow
36:25 Elite Mangudai
37:35 Conscription
37:54 Bracer
41:05 Forging
41:21 Hand Cart
43:23 Iron Casting
43:50 Chemistry
43:33 Bloodlines
43:23 Husbandry
AnuBis Killer
4:57 Loom
10:07 Feudal Age
17:10 Castle Age
15:21 Horse Collar
17:02 Forging
21:56 Scale Mail Armor
26:39 Town Watch
29:10 Fletching
32:11 Ballistics
32:16 Double-Bit Axe
41:12 Bodkin Arrow
41:17 Padded Archer Armor
43:14 Demolition Ship
44:09 Bow Saw
47:26 Imperial Age
45:23 Gold Mining
45:23 Stone Mining
45:31 Stone Mining
45:45 Heavy Plow
DL | Nato
10:12 Feudal Age
11:38 Loom
11:40 Town Watch
16:16 Castle Age
14:42 Double-Bit Axe
17:16 Horse Collar
18:27 Wheelbarrow
19:01 Bow Saw
19:16 Scale Barding Armor
24:36 Forging
25:30 Bloodlines
25:51 Gold Mining
26:03 Heavy Plow
29:38 Chain Barding Armor
32:09 Iron Casting
36:18 Husbandry
36:54 Fletching
41:23 Imperial Age
41:33 Capped Ram
41:49 Cavalier
44:17 Conscription
45:29 Plate Barding Armor
46:48 Two-Man Saw
45:30 Elite Skirmisher
46:12 Padded Archer Armor
46:08 Bodkin Arrow
Jony
0:31 Loom
11:04 Feudal Age
11:24 Feudal Age
15:06 Castle Age
17:26 Wheelbarrow
17:54 Double-Bit Axe
19:27 Bow Saw
20:07 Town Watch
24:17 Scale Barding Armor
28:26 Gold Mining
28:26 Stone Mining
29:38 Hand Cart
29:24 Town Patrol
29:58 Chain Barding Armor
29:49 Forging
30:08 Bloodlines
38:08 Imperial Age
37:21 Iron Casting
39:08 Conscription
39:44 Plate Barding Armor
40:10 Blast Furnace
40:12 Chemistry
40:28 Two-Man Saw
41:09 Heavy Camel Rider
45:13 Husbandry
DL | Lich
0:30 Loom
9:59 Feudal Age
15:08 Castle Age
14:06 Double-Bit Axe
21:27 Town Watch
23:58 Fletching
24:44 Bodkin Arrow
25:33 Padded Archer Armor
26:35 Treadmill Crane
Connection lost

Rejoining the realm…

Still unreachable

The connection could not be restored.

Session expired

The server has moved on; the page needs a fresh start.